 Dungeon Crawl Stone Soup version 0.23-a0-643-g9ccc95a (webtiles) character file.

2859 mopl the Grappler (level 9, -1/74 (76) HPs)
             Began as a Troll Hunter on Dec 31, 2018.
             Was a Follower of Okawaru.
             Slain by a gnoll
             ... wielding a +2 flail of draining
              (3 damage)
             ... on level 6 of the Dungeon.
             The game lasted 00:09:00 (4711 turns).

mopl the Grappler (Troll Hunter)                    Turns: 4711, Time: 00:09:01

HP:   -1/74 (76)    AC:  6    Str: 22    XL:     9   Next: 47%
MP:   9/9           EV:  9    Int:  7    God:    Okawaru [*.....]
Gold: 284           SH:  0    Dex: 13    Spells: 8/8 levels left

rFire    . . .     SeeInvis .     - Unarmed
rCold    + . .     Gourm    +   (no shield)
rNeg     . . .     Faith    .   b - +0 robe
rPois    .         Spirit   .   (helmet restricted)
rElec    .         Reflect  .   e - +0 cloak
rCorr    .         Harm     .   (gloves unavailable)
MR       +....                  (boots unavailable)
Stlth    +.........             (no amulet)
HPRegen  0.62/turn              w - ring of protection from magic
MPRegen  0.11/turn              y - ring of protection from cold

@: heavily drained
A: large, unfitting armour, claws 3, fast metabolism 3, gourmand, regeneration
1, shaggy fur 1, tough skin 2
a: Heroism, Renounce Religion


You were on level 6 of the Dungeon.
You worshipped Okawaru.
Okawaru was aware of your devotion.
You were completely stuffed.

You visited 2 branches of the dungeon, and saw 8 of its levels.
You also visited: Ossuary.

You collected 284 gold pieces.

Inventory:

Missiles
 a - 122 stones (quivered)
 c - 5 large rocks
 d - 2 throwing nets
 g - 11 poisoned needles
 n - 8 javelins
Armour
 b - a +0 robe (worn)
 e - a +0 cloak (worn)
Jewellery
 q - an uncursed ring of fire
 w - a ring of protection from magic (left claw)
 y - a ring of protection from cold (right claw)
Wands
 p - a wand of digging (1)
 x - a wand of iceblast (7)
Scrolls
 h - 2 scrolls of remove curse {unknown}
 k - 5 scrolls of teleportation {unknown}
 s - a scroll of immolation {unknown}
 t - a scroll of amnesia {unknown}
 u - 2 scrolls of magic mapping {unknown}
 v - a scroll of random uselessness {unknown}
 z - 4 scrolls of identify
 A - a scroll of blinking {unknown}
Potions
 i - a potion of haste
 j - 4 potions of curing
 l - a potion of heal wounds
 m - 3 potions of resistance
 o - a potion of lignification {!q}
 r - a potion of mutation {!q}
Comestibles
 f - 23 rations
 B - 9 chunks of flesh


   Skills:
 - Level 1.5(0.4) Fighting
 + Level 7.6(6.2) Throwing
 - Level 1.5(0.4) Dodging
 - Level 0.3(0.0) Stealth
 * Level 10.4(8.9) Unarmed Combat
 + Level 2.3(1.1) Invocations


You had 8 spell levels left.
You didn't know any spells.
Your spell library was empty.

Dungeon Overview and Level Annotations

Branches:
Dungeon (7/15)             Temple (1/1) D:6

Altars:
Cheibriados
Dithmenos
Elyvilon
Gozag
Hepliaklqana
Nemelex Xobeh
Okawaru
Qazlal
Ru
Trog
Uskayaw
Vehumet
Wu Jian
Xom
Yredelemnul
Zin

Annotations:
D:4 1 runed door


Innate Abilities, Weirdness & Mutations

You are too large for most types of armour.
You have claws for hands.
Your metabolism is lightning-fast.
You like to eat raw meat.
Your natural rate of healing is unusually fast.
You are covered in fur. (AC +1)
You have very tough skin. (AC +2)


Message History

The gnoll misses you.
Things that are here:
a +0 shortbow; 23 arrows You scratch the gnoll but do no damage.
The gnoll completely misses you.
You closely miss the gnoll. Your claw misses the gnoll.
You closely miss the gnoll. The gnoll barely misses you.
You scratch the gnoll.
The gnoll is heavily wounded.
The gnoll hits you with a +2 flail of draining!
* * * LOW HITPOINT WARNING * * *
You feel drained.
* * * LOW HITPOINT WARNING * * *
You barely miss the gnoll.
The gnoll is heavily wounded.
You scratch the gnoll. Your claw misses the gnoll.
The gnoll is almost dead.
The gnoll hits you with a +2 flail of draining!
* * * LOW HITPOINT WARNING * * *
You feel drained.
You die...

....# #.# #.# ##### ######.#
#.# ############...##.# #.#
............###.#.########.#
##########.## ##...........#
#.## ##.########### #.#
#...........# #.##
##.#########.# ##.## ##@##
#.##### ##.###g## #......
##...## ####### #####


You could see a gnoll.

Vanquished Creatures
  Grinder (D:3)
  Prince Ribbit (D:5)
  Sigmund (D:3)
  A wyvern (D:7)
  Menkaure (D:5)
  A sky beast (D:6)
  A black bear (D:7)
  A necrophage (D:7)
  4 ogres
  2 centaurs
  An elf zombie (Ossuary)
  A gnoll sergeant (D:7)
  A bullfrog (D:7)
  A scorpion (D:5)
  2 howler monkeys (D:4)
  3 crimson imps
  A quasit (D:4)
  3 centaur zombies (Ossuary)
  A hound (D:4)
  2 jellies
  2 human zombies (Ossuary)
  A bullfrog skeleton (D:4)
  Jessica (D:3)
  2 iguanas
  7 worker ants
  A hound skeleton (D:4)
  2 mummies (Ossuary)
  4 gnolls
  A howler monkey skeleton (D:7)
  8 adders
  2 shadow imps
  An ooze (D:5)
  An adder skeleton (D:4)
  4 worms
  5 dart slugs
  5 leopard geckos
  3 orcs
  5 giant cockroaches
  11 goblins
  13 hobgoblins
  22 jackals
  10 kobolds
  2 quokkas
  10 bats
  6 frilled lizards
  A goblin zombie (Ossuary)
  8 hobgoblin zombies (Ossuary)
  3 jackal zombies (Ossuary)
  9 kobold zombies (Ossuary)
  8 orc zombies (Ossuary)
  2 quokka zombies
  9 rats
  3 rat zombies
  2 butterflies (D:6)
204 creatures vanquished.

Notes
Turn   | Place    | Note
-------+----------+-------------------------------------------
     0 | D:1      | mopl the Troll Hunter began the quest for the Orb.
     0 | D:1      | Reached XP level 1. HP: 19/19 MP: 0/0
    60 | D:1      | Reached skill level 1 in Unarmed Combat
   322 | D:1      | Reached XP level 2. HP: 24/27 MP: 1/1
   483 | D:1      | Reached skill level 2 in Unarmed Combat
   604 | D:1      | Reached XP level 3. HP: 18/33 MP: 2/2
   863 | D:2      | Reached skill level 4 in Throwing
   926 | D:2      | Reached skill level 3 in Unarmed Combat
  1035 | D:2      | Reached XP level 4. HP: 41/41 MP: 3/3
  1759 | D:3      | Noticed Grinder
  1789 | D:3      | Paralysed by Grinder for 3 turns
  1792 | D:3      | Killed Grinder
  1792 | D:3      | Reached skill level 5 in Unarmed Combat
  1792 | D:3      | Reached XP level 5. HP: 13/48 MP: 4/4
  1792 | D:3      | Reached XP level 6. HP: 15/55 MP: 5/5
  1904 | D:3      | Reached skill level 5 in Throwing
  1997 | D:3      | Noticed Jessica
  2006 | D:3      | Killed Jessica
  2013 | D:3      | Found a radiant altar of Vehumet.
  2051 | D:3      | Noticed Sigmund
  2061 | D:3      | Killed Sigmund
  2061 | D:3      | Reached skill level 6 in Unarmed Combat
  2061 | D:3      | Reached XP level 7. HP: 53/62 MP: 6/6
  2475 | D:4      | Reached skill level 7 in Unarmed Combat
  2832 | D:4      | Found a white marble altar of Elyvilon.
  2832 | D:4      | Noticed an angel
  2833 | D:4      | Found a runed door.
  2960 | D:5      | Entered Level 5 of the Dungeon
  2988 | D:5      | Reached skill level 6 in Throwing
  2988 | D:5      | Reached XP level 8. HP: 49/70 MP: 7/7
  3014 | D:5      | Found a sand-covered staircase.
  3037 | Ossuary  | Entered an ossuary
  3155 | Ossuary  | Reached skill level 8 in Unarmed Combat
  3523 | D:5      | Reached skill level 9 in Unarmed Combat
  3603 | D:5      | Noticed Menkaure
  3620 | D:5      | Killed Menkaure
  3689 | D:5      | Noticed Prince Ribbit
  3728 | D:5      | Killed Prince Ribbit
  3728 | D:5      | Reached skill level 7 in Throwing
  3814 | D:6      | Found a staircase to the Ecumenical Temple.
  3835 | Temple   | Entered the Ecumenical Temple
  3864 | Temple   | Became a worshipper of Warmaster Okawaru
  3904 | D:6      | Reached XP level 9. HP: 76/76 MP: 8/8
  4439 | D:7      | Reached skill level 1 in Invocations
  4456 | D:7      | Reached skill level 10 in Unarmed Combat
  4594 | D:7      | Reached * piety under Okawaru
  4594 | D:7      | Reached skill level 2 in Invocations
  4711 | D:6      | HP: 2/74 [gnoll/+2 flail of draining (9)]
  4711 | D:6      | Slain by a gnoll

Vault maps used:
D:1:      saegor_arrival_under_anarchy
D:3:      lemuel_crystal_altar, first_ration, minmay_ogre_servants,
          uniq_grinder, uniq_sigmund, uniq_jessica
D:4:      lemuel_angel_altar
D:5:      enter_ossuary_4, nrook_mini_vaults, uniq_prince_ribbit1, uniq_menkaure
D:6:      minmay_temple_entry_butterflies
D:7:      hangedman_abyss_or_decor_slice
Temple:   compressed_dpeg_triangle_lava_temple
Ossuary:  ossuary_tomb_1

Skill      XL: |  1  2  3  4  5  6  7  8  9 |
---------------+----------------------------+-----
Unarmed Combat | 1 2 3 5 6 7 9 10 | 10.4
Throwing       | 4 5 6 7 |  7.6
Invocations    | 2 |  2.3
Fighting       | |  1.5
Dodging        | |  1.5
Stealth        | |  0.3

Action                   |  1- 3 |  4- 6 |  7- 9 || total
-------------------------+-------+-------+-------++-------
Melee: Unarmed           |   112 |   114 |   352 ||   578
       Punch             |       |     4 |     7 ||    11
Throw: Stone             |       |    23 |    20 ||    43
  Use: Scroll            |       |     4 |     3 ||     7
 Stab: Sleeping          |     1 |     1 |       ||     2
  Eat: Chunk             |    15 |     9 |    25 ||    49
Armor: Robe              |    65 |    35 |    99 ||   199
Dodge: Dodged            |    75 |    55 |   149 ||   279

Table legend:
 A = Non-vault XP
 B = Vault XP
 C = Vault XP percentage of total XP
 D = Non-vault monster count
 E = Vault monster count
 F = Vault count percentage of total count
                 A         B        C        D         E       F
            +---------+---------+-------+---------+---------+-------
      Total |    2612 |    1473 |  36.1 |     147 |      55 |  27.2
            +---------+---------+-------+---------+---------+-------
        D:1 |      63 |       0 |   0.0 |      30 |       0 |   0.0
        D:2 |      58 |       0 |   0.0 |      19 |       0 |   0.0
        D:3 |      89 |     677 |  88.4 |      32 |      12 |  27.3
        D:4 |     449 |       0 |   0.0 |      12 |       0 |   0.0
        D:5 |     624 |     417 |  40.1 |      19 |       4 |  17.4
        D:6 |     421 |       0 |   0.0 |      18 |       0 |   0.0
        D:7 |     908 |       0 |   0.0 |      17 |       0 |   0.0
    Ossuary |       0 |     379 | 100.0 |       0 |      39 | 100.0
            +---------+---------+-------+---------+---------+-------
